 Dungeon Crawl Stone Soup version 0.21.0-25-ge575cb9ce8 (webtiles) character file.

44 GuyWithAPlan the Grave Robber (level 3, 0/24 HPs)
             Began as a Demonspawn Necromancer on Jan 23, 2018.
             Succumbed to an adder's poison
             ... on level 2 of the Dungeon.
             The game lasted 00:03:31 (1361 turns).

GuyWithAPlan the Grave Robber (DsNe)                Turns: 1361, Time: 00:03:32

Health: 0/24       AC:  5    Str:  8    XL:     3   Next: 41%
Magic:  1/6        EV: 10    Int: 17    God:
Gold:   51         SH:  0    Dex: 13    Spells: 5/6 levels left

rFire    . . .     SeeInvis .   f - +0 hunting sling
rCold    . . .     Gourm    .   (no shield)
rNeg     . . .     Faith    .   d - +0 ring mail
rPois    .         Spirit   .   (no helmet)
rElec    .         Reflect  .   (no cloak)
rCorr    .         Harm     .   (no gloves)
MR       .....                  (no boots)
Stlth    +.........             (no amulet)
HPRegen  0.08/turn              (no ring)
MPRegen  0.10/turn              (no ring)

@: lethally poisoned (0 -> -9), very slightly contaminated
A: talons 1
a: no special abilities


You were on level 2 of the Dungeon.
You were hungry.

You visited 1 branch of the dungeon, and saw 2 of its levels.

You collected 51 gold pieces.

Inventory:

Hand Weapons
 f - a +0 hunting sling (weapon)
Missiles
 q - a tomahawk
 r - 20 poisoned needles
 t - 28 stones (quivered)
Armour
 a - a +0 robe
 d - a +0 ring mail (worn)
Scrolls
 g - a scroll of magic mapping {unknown}
 h - a scroll of noise {unknown}
 i - a scroll of identify {unknown}
 k - a scroll of teleportation {unknown}
 l - a scroll of fear {unknown}
 m - a scroll of remove curse {unknown}
 o - a scroll of enchant armour {unknown}
 s - a scroll of random uselessness {unknown}
Potions
 e - a potion of lignification {unknown}
 j - a potion of haste {unknown}
 n - a potion of curing {unknown}
 p - a potion of magic {unknown}
Books
 b - a book of Necromancy

   Spells                             Type                      Level
   a - Pain                           Necromancy                   1
   b - Animate Skeleton               Necromancy                   1
   c - Vampiric Draining              Necromancy                   3
   d - Regeneration                   Charms/Necromancy            3
   e - Animate Dead                   Necromancy                   4
   f - Borgnjor's Vile Clutch         Necromancy/Earth             5
Comestibles
 c - 2 rations


   Skills:
 - Level 1.7 Dodging
 - Level 1.7 Stealth
 - Level 2.0 Spellcasting
 + Level 5.8 Necromancy


You had 5 spell levels left.
You knew the following spells:

 Your Spells              Type           Power        Failure   Level  Hunger
a - Pain                  Necr           ###.         5%          1    #......


Dungeon Overview and Level Annotations

Branches:
Dungeon (2/15)

Altars:


Innate Abilities, Weirdness & Mutations

You have sharp toenails.


Message History

You miscast Pain.
You are very lightly contaminated with residual magic.
Nothing appears to happen.
You feel sick. The adder barely misses you. The adder bites you.
* * * LOW HITPOINT WARNING * * *
Casting: Pain
Confirm with . or Enter, or press ? or * to list all spells.
Aiming: Pain
Press: ? - help, Shift-Dir - straight line, f/p - adder
Aim: an adder (almost dead, chance to defeat MR: 85%)
You miscast Pain.
Nothing appears to happen.
The adder bites you.
* * * LOW HITPOINT WARNING * * *
Casting: Pain
Confirm with . or Enter, or press ? or * to list all spells.
Aiming: Pain
Press: ? - help, Shift-Dir - straight line, f/p - adder
Aim: an adder (almost dead, chance to defeat MR: 85%)
The adder writhes in agony!
You kill the adder!
You die...

#########
#...)...# ##
#.......# ....
#.......#.....
#.......#....(
#.....@......(
#.......#.####
#.......#
#...#...#
#...+<..#
#...#...#
#...##.....
#### #.#####
.#


There were no monsters in sight!

Vanquished Creatures
  An adder (D:2)
  An ooze (D:1)
  2 dart slugs (D:1)
  2 leopard geckos (D:1)
  2 giant cockroaches (D:1)
  7 goblins (D:1)
  2 hobgoblins (D:1)
  A ball python (D:1)
  A bat (D:1)
  2 frilled lizards (D:1)
  2 kobolds (D:1)
  2 rats (D:1)
25 creatures vanquished.

Notes
Turn   | Place    | Note
-------+----------+-------------------------------------------
     0 | D:1      | GuyWithAPlan the Demonspawn Necromancer began the quest for the Orb.
     0 | D:1      | Reached XP level 1. HP: 13/13 MP: 3/3
   551 | D:1      | Gained mutation: You have sharp toenails. [demonic ancestry]
   551 | D:1      | Reached XP level 2. HP: 17/19 MP: 5/5
   571 | D:1      | Reached skill level 5 in Necromancy
   979 | D:1      | Reached XP level 3. HP: 23/24 MP: 3/6
  1361 | D:2      | Succumbed to an adder's poison

Skill      XL: |  1  2 |
---------------+-------+-----
Necromancy     | 5 |  5.8
Dodging        | |  1.7
Stealth        | |  1.7
Spellcasting   | |  2.0

Action                   || total
-------------------------++-------
Melee: Unarmed           ||     4
 Fire: Hunting sling     ||    18
Throw: Tomahawk          ||    12
 Cast: Pain              ||    35
 Stab: Sleeping          ||     1
  Eat: Chunk             ||     1
Armor: Robe              ||     2
       Ring mail         ||     5
Dodge: Dodged            ||    12
